 Dungeon Crawl Stone Soup version 0.31.0-11-ge490571c62 (webtiles) character file.

Game seed: 13974671715139208345

63 Goblin1989 the Sneak (level 3, -1/29 HPs)
             Began as a Demonspawn Delver on Feb 10, 2024.
             Slain by a cerulean imp
             ... wielding a +2 spear
             ... summoned by Natasha
              (5 damage)
             ... on level 2 of the Dungeon.
             The game lasted 00:08:51 (2122 turns).

Goblin1989 the Sneak (Demonspawn Delver)            Turns: 2122, Time: 00:08:51

Health: -1/29      AC:  3    Str: 12    XL:     3   Next: 87%
Magic:  3/3        EV: 11    Int: 10    God:
Gold:   101        SH:  0    Dex: 16    Spells: 2/2 levels left

rFire   . . .        a - +0 short sword
rCold   . . .        (no shield)
rNeg    . . .        l - +0 leather armour
rPois   .            (no helmet)
rElec   .            (no cloak)
rCorr   +            (no gloves)
SInv    .            (no boots)
Will    .....        (no amulet)
Stlth   +++          j - ring of resist corrosion
HPRegen 0.24/turn    (no ring)
MPRegen 0.16/turn

%: no passive effects
@: no status effects
A: magic regeneration
a: no special abilities


You were on level 2 of the Dungeon.
You visited 1 branch of the dungeon, and saw 5 of its levels.

You collected 101 gold pieces.

Inventory:

Hand Weapons
 a - a +0 short sword (weapon)
 b - a +0 sling
 n - a +0 short sword
Missiles
 r - 3 atropa-tipped darts
Armour
 l - a +0 leather armour (worn)
 m - a +0 ring mail
 t - a +0 ring mail
Magical Staves
 u - a staff of fire
 x - a staff of air
Jewellery
 j - a ring of resist corrosion (left hand)
 q - a ring of protection from cold
Wands
 g - a wand of digging (3) {@v3}
Scrolls
 c - a scroll of fog
 d - a scroll of revelation
 e - a scroll of fear
 k - a scroll of teleportation {unknown}
 s - a scroll of identify {unknown}
 w - a scroll of torment {unknown}
 y - 2 scrolls of poison {unknown}
Potions
 f - 3 potions of haste {@q3,}
 p - 2 potions of invisibility {unknown}
 v - a potion of degeneration {unknown}


   Skills:
 + Level 3.0 Fighting
 - Level 1.7 Short Blades
 - Level 1.7 Dodging
 - Level 6.0 Stealth


You had 2 spell levels left.
You didn't know any spells.
Your spell library contained the following spells:

 Spells                   Type           Power      Damage    Failure   Level
 Fugue of the Fallen      Necr           0%         N/A       82%         3
 Ozocubu's Armour         Ice            0%         N/A       82%         3
 Manifold Assault         Tloc           0%         N/A       99%         4


Dungeon Overview and Level Annotations

Branches:
Dungeon (5/15) Zot: 25225
 Temple: D:4-7

Altars:

Shops:
D:1 (

Annotations:
D:2 1 runed translucent door, Crazy Yiuf, Natasha


Innate Abilities, Weirdness & Mutations

You regenerate magic rapidly.


Message History

No target in view!
No target in view!
No target in view!
No target in view!
No target in view!
No target in view!
No target in view!
No target in view!
No target in view!
There is a stone staircase leading down here.
Found a hammer.
Found a runed translucent door.
Crazy Yiuf shouts!
Crazy Yiuf yells, "Papa!
Tosser pizzabubble song."
You see here a staff of air.
A rat comes into view.
Found a scroll labelled SAISOZ ULEVA.
The rat squeaks loudly.
The rat bites you but does no damage.
You hit the rat.
You kill the rat!
No target in view!
No target in view!
No target in view!
No target in view!
No target in view!
No target in view!
No target in view!
No target in view!
No target in view!
No target in view!
No target in view!
No target in view!
No target in view!
No target in view!
No target in view!
You see here a staff of air.
x - a staff of air
y - a scroll labelled SAISOZ ULEVA A bat comes into view.
The helpless bat fails to defend itself.
You impale the bat!!
You kill the bat!
Training target 6.0 for Stealth reached!
Your Stealth skill increases to level 6!
You need to enable at least one skill for training.
y - 2 scrolls labelled SAISOZ ULEVA (gained 1)
Found an escape hatch in the floor.
A jackal comes into view.
A jackal is nearby!
Found a stone staircase leading down.
There is a stone staircase leading down here.
Natasha is nearby!
Unknown command.
You throw a poisoned dart. The poisoned dart hits Natasha.
Natasha hisses angrily.
You throw a poisoned dart. The poisoned dart hits Natasha.
Natasha is poisoned.
Natasha closely misses you.
You hit Natasha but do no damage.
Natasha is lightly wounded.
You barely miss Natasha.
Natasha is lightly wounded.
Natasha casts a spell at you. You resist with significant effort.
You hit Natasha but do no damage.
Natasha is lightly wounded.
Natasha looks more healthy.
Natasha casts a spell at you. The magic dart hits you!
You take 11 damage, and have 18/29 hp.
MASSIVE DAMAGE!!
You hit Natasha.
Natasha is moderately wounded.
Natasha misses you.
You completely miss Natasha.
Natasha is moderately wounded.
Natasha claws you.
You take 4 damage, and have 14/29 hp.
You barely miss Natasha.
Natasha is moderately wounded.
Natasha claws you.
* * * LOW HITPOINT WARNING * * *
You take 5 damage, and have 9/29 hp.
You barely miss Natasha.
Natasha is moderately wounded.
Natasha claws you.
* * * LOW HITPOINT WARNING * * *
You take 2 damage, and have 7/29 hp.
You closely miss Natasha.
Natasha is moderately wounded.
Natasha extends her claws.
Natasha mumbles some strange words.
The jackal barks!
You hit Natasha but do no damage.
Natasha is moderately wounded.
Natasha claws you.
* * * LOW HITPOINT WARNING * * *
You take 4 damage, and have 4/29 hp.
You hit Natasha.
Natasha is moderately wounded.
The cerulean imp hits you from afar with a +2 spear.
You die... ..█.█ █.███████████ ███.█ █.█ █.█ █.█ >.. █.█ █h█

█.█ █.█ █>█
..█.███████.█
█.h(.5h@....█
███.█████████


You could see Natasha, a cerulean imp (summoned) and a jackal.

Vanquished Creatures
  2 adders
  8 endoplasms
  A giant cockroach (D:1)
  4 goblins
  2 hobgoblins
  3 jackals (D:1)
  4 kobolds
  3 quokkas
  4 ball pythons
  5 bats
  A frilled lizard (D:1)
  4 rats
41 creatures vanquished.

Notes
Turn   | Place    | Note
-------+----------+-------------------------------------------
     0 | D:5      | Goblin1989 the Demonspawn Delver began the quest for the
                  | Orb.
     0 | D:5      | Reached XP level 1. HP: 18/18 MP: 1/1
    43 | D:3      | Reached skill level 5 in Stealth
    43 | D:3      | Gained mutation: You regenerate magic rapidly. [demonic
                  | ancestry]
    43 | D:3      | Reached XP level 2. HP: 20/24 MP: 2/2
   125 | D:3      | Found a faded altar of an unknown god.
   607 | D:1      | Reached XP level 3. HP: 25/29 MP: 3/3
   786 | D:1      | Found Ehuss's Antique Weapon Shoppe.
  1499 | D:2      | Noticed Natasha
  1917 | D:2      | Found a runed translucent door.
  1918 | D:2      | Noticed Crazy Yiuf
  1993 | D:2      | Reached skill level 6 in Stealth
  2122 | D:2      | Slain by a cerulean imp

Illustrated notes

Levels and vault maps discovered:
D:1:      wander_arrival_estate, layout_basic, serial_shops, shop,
          minmay_misc_feat_hallway
D:2:      layout_loops_ring, uniq_crazy_yiuf_cottage, uniq_natasha
D:3:      minmay_wonky_spiral, layout_loops_corners,
          hellmonk_ecumenical_altar_lost_god
D:4:      dreamdust_elfheim, layout_rooms, kennysheep_little_box, uniq_grinder,
          uniq_pikel, uniq_duvessa
D:5:      layout_loops_cross, kennysheep_decorative_pillar, uniq_prince_ribbit1

Skill      XL: |  1  2  3 |
---------------+----------+-----
Stealth        | 5 6 |  6.0
Fighting       | |  3.0
Short Blades   | |  1.7
Dodging        | |  1.7

Action                     || total
---------------------------++-------
  Melee: Short sword       ||   166
         Punch             ||     2
   Fire: Sling             ||     3
  Throw: Stone             ||    19
         Dart              ||     6
   Stab: Sleeping          ||    11
 Armour: Leather armour    ||   108
  Dodge: Dodged            ||    82
